Map: Scythe of Amon

Players

monk

  • Race: Zerg Zerg
  • Spawn Location: 5:00

sTkmonk

  • Race: Terran Terran
  • Spawn Location: 5:00

VOD

Have the link to the VOD?

Description

Time

  • Played on: Aug. 14, 2017, 4:48 a.m.
  • Length: 26:01
Show
View Real Time Build Order
Export as new Build Order

monk Zerg 

Build Orders:  

Get SALT Encoding   

  6  0:10  Drone x2  
  6  0:18  Drone x2  
  8  0:27  Drone x2  
  9  0:38  Extractor  
  8  0:46  Drone x2  
  8  0:48  Drone x2  
  10  1:14  Spawning Pool  
  10  1:18  Drone x2  
  11  1:27  Drone x2  
  12  1:32  Extractor  
  11  1:46  Baneling Nest  
  11  1:53  Drone x4  
  13  2:02  Drone x2  
  14  2:10  Overlord  
  14  2:25  Evolution Chamber  
  13  2:33  Lair  
  13  2:42  Drone x2  
  16  2:58  Overlord  
  16  3:06  Heroic Fortitude  
  18  3:33  Scourge Nest  
  18  3:36  Corrosive Acid  
  18  3:40  Queen  
  18  3:42  Overlord  
  22  4:03  Overlord  
  22  4:16  Centrifical Hooks  
  24  4:21  Swarmling x12  
  24  4:26  Zerg Melee Weapons Level 1  
  32  4:52  Virulent Spores  
  34  5:33  Hatchery  
  33  5:43  Drone x2  
  33  5:47  Drone x2  
  33  5:48  Drone x8  
  33  5:49  Overlord x2  
  41  5:54  Zerg Flyer Weapons Level 1  
  32  6:17  Drone x2  
  32  6:18  Drone x2  
  35  6:21  Metabolic Boost  
  35  6:43  Extractor  
  35  6:45  Drone x4  
  35  6:46  Drone x2, Extractor  
  39  6:50  Drone x2  
  39  6:53  Evolution Chamber  
  40  7:14  Drone x4  
  43  7:46  Hive  
  43  7:48  Zerg Melee Weapons Level 2  
  40  8:12  Overlord  
  40  8:13  Overlord  
  40  8:15  Hatchery x2, Zerg Ground Armor Level 1  
  41  8:29  Hardened Carapace  
  41  8:48  Swarmling x9  
  41  8:49  Swarmling x42  
  68  9:09  Overlord  
  68  9:10  Overlord  
  68  9:12  Simplified Genome  
  68  9:16  Rupture  
  70  9:29  Adrenal Overload  
  70  9:37  Roach x4  
  70  9:38  Roach x12  
  70  9:39  Roach x4  
  40  10:29  Overlord x2  
  40  10:30  Zerg Flyer Weapons Level 2  
  40  10:40  Shredding Claws  
  40  10:48  Swarmling x3  
  40  10:49  Swarmling x69  
  83  10:50  Swarmling x9  
  83  10:59  Zerg Ground Armor Level 2  
  82  11:01  Zerg Melee Weapons Level 3  
  82  11:09  Overseer x3  
  80  11:11  Pneumatized Carapace  
  77  12:06  Swarmling x3  
  77  12:07  Swarmling x42  
  82  12:23  Swarmling x3  
  82  12:24  Swarmling x27  
  82  12:25  Swarmling x15  
  96  12:39  Overseer x2  
  98  13:19  Overseer  
  100  13:20  Overseer  
  100  13:22  Overlord x3  
  82  13:32  Scourge x8  
  82  13:33  Scourge x34  
  80  13:48  Scourge x4  
  80  13:49  Scourge x8  
  75  14:00  Scourge x2  
  75  14:01  Scourge x6  
  75  14:03  Hatchery  
  75  14:04  Hatchery  
  75  14:06  Zerg Flyer Weapons Level 3  
  78  14:10  Zerg Ground Armor Level 3  
  78  14:14  Scourge x2  
  78  14:15  Scourge x6  
  78  14:18  Roach x6, Swarmling x12  
  78  14:19  Roach x12  
  87  14:20  Roach x2  
  90  14:49  Scourge x6  
  92  14:50  Scourge x18  
  77  15:14  Scourge x8  
  77  15:15  Swarmling x3, Scourge x8  
  86  15:25  Swarmling x15  
  86  15:26  Swarmling x12  
  99  15:43  Swarmling x3  
  99  15:44  Swarmling x30  
  96  15:50  Swarmling x3  
  78  16:22  Scourge x2  
  78  16:23  Scourge x26  
  78  16:24  Swarmling x3  
  78  16:25  Swarmling x30  
  90  16:48  Swarmling x3  
  90  16:49  Swarmling x45  
  97  16:50  Swarmling x21  
  86  17:00  Scourge x6  
  86  17:01  Scourge x4  
  86  17:02  Scourge x2  
  66  17:21  Scourge x2  
  66  17:22  Scourge x40  
  87  17:33  Drone x2  
  88  17:40  Overseer  
  88  17:41  Overseer x3  
  88  17:47  Roach x14  
  88  17:48  Roach x6, Scourge x10  
  88  17:49  Scourge x8  
  99  18:19  Scourge x2  
  111  18:20  Scourge x22  
  64  18:22  Swarmling x21  
  64  18:23  Swarmling x24  
  72  18:40  Scourge x2  
  72  18:41  Scourge x18  
  50  19:03  Scourge x2  
  50  19:04  Scourge x20  
  50  19:05  Swarmling x3  
  50  19:06  Swarmling x9  
  61  19:15  Swarmling x3  
  61  19:16  Swarmling x15  
  70  19:23  Overlord  
  70  19:24  Overlord x2  
  70  19:26  Overseer x3  
  70  19:27  Overseer  
  66  19:37  Medusa Blades  
  68  20:09  Swarmling x3  
  74  20:10  Swarmling x42  
  74  20:11  Swarmling x30  
  65  20:53  Scourge x2  
  65  20:54  Scourge x20  
  65  20:55  Scourge x16, Overseer  
  65  20:58  Scourge x6  
  65  20:59  Scourge x18  
  95  21:16  Roach x2  
  95  21:17  Roach x12  
  95  21:18  Roach x6  
  95  21:38  Scourge x2  
  95  21:39  Swarmling x3  
  95  21:40  Swarmling x6  
  97  21:51  Swarmling x3  
  97  21:52  Swarmling x21  
  95  22:33  Scourge x2  
  95  22:34  Scourge x8  
  98  22:46  Scourge x2  
  98  22:47  Scourge x6  
  35  22:58  Swarmling x3  
  35  22:59  Swarmling x48  
  74  23:00  Swarmling x48  
  81  23:13  Drone x2  
  84  23:20  Scourge x10  
  84  23:21  Scourge x8  
  93  23:32  Overlord  
  85  23:50  Scourge x2  
  85  23:51  Scourge x24  
  85  23:57  Overlord  
  85  23:58  Overlord x3  
  56  24:26  Scourge x10  
  56  24:27  Scourge x32  
  76  24:34  Swarmling x9  
  76  24:38  Swarmling x3  
  76  24:39  Swarmling x6  
  83  24:50  Roach x4  
  83  24:51  Roach x12  
  83  24:52  Roach x4  
  83  24:58  Scourge x4  
  75  25:10  Scourge x4  
Show
View Real Time Build Order
Export as new Build Order

sTkmonk Terran 

Build Orders:  

Get SALT Encoding   

Tags
 
Commander
RaynorZagara
Matchup
Co-op
Replay Pack
Co-op Speedrun
Add a new tag
Caveats
  • Supply blocks, unpowered buildings, or Contaminate may cause inaccurate times.
  • Supply counts are checked every 10 seconds.